Map: Eternal Empire LE

Players

LiquidMaNa (MaNa) - Winner!

  • Race: Protoss Protoss
  • League: Grandmaster
  • Spawn Location: 7:00

Geralt (Gerald)

  • Race: Protoss Protoss
  • League: Grandmaster
  • Spawn Location: 1:00

Event: DreamHack SC2 Masters 2020 Fall

VOD

Have the link to the VOD?

Description

Time

  • Played on: Sept. 6, 2020, 1:30 p.m.
  • Length: 16:03

All games in this series

Show
View Real Time Build Order
Export as new Build Order

LiquidMaNa Protoss - Winner!

Build Orders: Oracle Opening 

Get SALT Encoding   

  12  0:00  Probe  
  13  0:12  Probe  
  14  0:19  Pylon  
  14  0:24  Probe (Chrono Boost)  
  15  0:37  Gateway, Probe (Chrono Boost)  
  16  0:45  Probe (Chrono Boost)  
  16  0:46  Assimilator  
  17  0:51  Probe  
  17  0:54  Assimilator  
  18  1:03  Probe (Chrono Boost)  
  19  1:08  Gateway  
  19  1:12  Probe (Chrono Boost)  
  19  1:18  Probe  
  20  1:24  Cybernetics Core  
  21  1:30  Probe  
  22  1:34  Pylon  
  22  1:42  Probe  
  23  2:01  Warp Gate, Stalker x2  
  27  2:06  Pylon  
  27  2:27  Stargate  
  28  2:32  Probe  
  31  2:47  Probe  
  31  2:49  Stalker x2  
  32  2:59  Probe  
  33  3:10  Oracle (Chrono Boost)  
  33  3:11  Probe  
  37  3:19  Pylon  
  37  3:28  Nexus  
  37  3:35  Probe (Chrono Boost)  
  38  3:48  Probe (Chrono Boost)  
  39  3:50  Stalker  
  39  3:52  Stalker  
  44  3:55  Probe (Chrono Boost)  
  44  3:59  Pylon  
  44  4:04  Probe  
  45  4:11  Twilight Council  
  45  4:16  Probe (Chrono Boost)  
  46  4:27  Probe (Chrono Boost)  
  47  4:32  Probe (Chrono Boost)  
  48  4:42  Probe  
  49  4:46  Blink (Chrono Boost), Probe  
  49  4:50  Sentry x2  
  54  4:54  Probe  
  54  4:58  Probe  
  56  5:06  Probe  
  57  5:10  Probe  
  57  5:11  Pylon  
  58  5:19  Probe  
  59  5:22  Probe  
  59  5:23  Pylon  
  59  5:25  Gateway  
  59  5:26  Gateway  
  60  5:31  Probe  
  60  5:34  Probe  
  62  5:43  Probe  
  62  5:44  Nexus  
  62  5:46  Probe  
  62  5:48  Forge  
  64  5:55  Probe  
  64  5:56  Robotics Facility  
  65  5:58  Probe, Stalker  
  68  6:07  Probe  
  68  6:09  Pylon  
  68  6:10  Protoss Ground Weapons Level 1, Probe  
  70  6:12  Stalker  
  70  6:13  Pylon  
  72  6:19  Probe  
  72  6:23  Probe  
  74  6:28  Shield Battery  
  74  6:29  Stalker x2  
  74  6:32  Probe (Chrono Boost)  
  79  6:34  Assimilator  
  79  6:35  Probe (Chrono Boost)  
  80  6:40  Shield Battery  
  80  6:44  Observer, Probe (Chrono Boost)  
  83  6:47  Probe (Chrono Boost)  
  83  6:51  Probe (Chrono Boost)  
  83  6:52  Probe (Chrono Boost)  
  85  6:54  Stalker  
  85  6:55  Stalker  
  85  6:56  Probe  
  85  6:58  Probe  
  91  7:01  Probe  
  91  7:02  Charge (Chrono Boost)  
  91  7:07  Immortal (Chrono Boost)  
  92  7:09  Probe  
  92  7:10  Probe  
  92  7:15  Assimilator  
  98  7:21  Zealot x4  
  106  7:23  Gateway  
  106  7:30  Gateway  
  106  7:38  Gateway  
  106  7:39  Gateway  
  106  7:40  Photon Cannon  
  106  7:41  Photon Cannon  
  106  7:43  Photon Cannon  
  106  7:44  Warp Prism (Chrono Boost)  
  106  7:49  Probe  
  109  7:52  Assimilator  
  109  7:59  Pylon  
  109  8:01  Pylon  
  109  8:11  Pylon  
  109  8:12  Pylon  
  109  8:18  Probe  
  110  8:22  Phoenix (Chrono Boost)  
  110  8:27  Nexus  
  112  8:29  Stargate  
  112  8:30  Probe x3  
  112  8:33  Assimilator, Protoss Ground Weapons Level 2  
  115  8:42  Phoenix (Chrono Boost)  
  115  8:43  Stalker x3  
  123  8:50  Immortal  
  127  8:55  Pylon  
  127  8:57  Pylon  
  127  8:58  Pylon  
  127  9:06  Phoenix (Chrono Boost)  
  127  9:09  Pylon  
  129  9:13  Probe x2  
  133  9:18  Phoenix (Chrono Boost)  
  133  9:22  Phoenix (Chrono Boost)  
  135  9:27  Zealot x5  
  133  9:32  Observer  
  127  9:38  Immortal  
  127  9:43  Phoenix (Chrono Boost)  
  127  9:44  Templar Archives, Gateway  
  127  9:45  Phoenix (Chrono Boost)  
  131  9:47  Gateway, Probe x3  
  131  9:51  Probe  
  137  9:58  Photon Cannon  
  137  9:59  Probe x2  
  139  10:06  Probe  
  140  10:08  Phoenix x2, Pylon  
  144  10:22  Warp Prism  
  144  10:24  High Templar  
  144  10:25  Zealot x2, High Templar x3  
  144  10:26  Zealot  
  160  10:29  Archon x2  
  160  10:31  Photon Cannon  
  160  10:38  Photon Cannon  
  160  10:40  Zealot x2, Shield Battery  
  164  10:53  Stalker  
  166  10:58  Immortal  
  170  11:05  High Templar x4  
  170  11:06  Zealot x5  
  170  11:11  Assimilator  
  188  11:13  Assimilator  
  188  11:14  Archon x2  
  188  11:17  Protoss Ground Weapons Level 3 (Chrono Boost)  
  186  11:32  Zealot x5  
  196  11:36  Nexus  
  196  11:40  Pylon  
  196  11:41  Pylon  
  196  11:45  Pylon  
  194  11:59  Observer  
  191  12:06  Zealot x7  
  191  12:07  Zealot  
  182  12:20  Observer  
  163  12:35  Stalker x10  
  175  12:41  Observer  
  162  12:45  Phoenix x2  
  160  12:58  Pylon  
  160  13:01  Zealot x10  
  160  13:03  Observer  
  173  13:14  Phoenix x2  
  177  13:24  Observer  
  147  13:37  Zealot x4  
  147  13:38  Zealot x6  
  149  13:46  Observer  
  122  14:02  Zealot  
  122  14:03  Zealot x9  
  122  14:06  Immortal (Chrono Boost)  
  134  14:12  Phoenix x2  
  136  14:24  High Templar x10  
  136  14:28  Archon x4  
  136  14:29  Archon  
  156  14:35  Warp Prism (Chrono Boost)  
  156  14:39  Phoenix x2  
  162  14:52  Photon Cannon  
  162  14:56  Nexus  
  162  14:58  Photon Cannon, Stalker x5  
  170  15:18  Phoenix x2  
  170  15:24  Stalker  
  170  15:35  Stalker x10  
  146  15:59  Pylon  
  146  16:00  High Templar x5  
Show
View Real Time Build Order
Export as new Build Order

Geralt Protoss 

Build Orders: Oracle Opening 

Get SALT Encoding   

  12  0:00  Probe  
  13  0:12  Probe  
  14  0:17  Pylon  
  14  0:25  Probe (Chrono Boost)  
  15  0:37  Probe (Chrono Boost)  
  15  0:38  Gateway  
  15  0:42  Probe (Chrono Boost)  
  16  0:46  Assimilator  
  17  0:53  Probe (Chrono Boost)  
  18  0:57  Assimilator  
  18  1:05  Probe (Chrono Boost)  
  18  1:07  Gateway  
  19  1:13  Probe (Chrono Boost)  
  20  1:19  Probe  
  20  1:25  Cybernetics Core  
  21  1:31  Probe  
  22  1:32  Pylon  
  22  1:43  Probe  
  23  1:55  Probe  
  24  2:01  Warp Gate, Stalker x2  
  24  2:07  Probe  
  29  2:16  Pylon  
  29  2:20  Probe  
  30  2:28  Pylon  
  30  2:32  Probe  
  31  2:42  Stargate  
  31  2:44  Probe  
  32  2:56  Probe  
  32  2:57  Shield Battery  
  33  3:08  Probe  
  34  3:13  Nexus  
  34  3:20  Probe  
  34  3:22  Oracle (Chrono Boost)  
  37  3:37  Shield Battery, Probe, Pylon  
  38  3:47  Twilight Council  
  38  3:51  Probe  
  39  4:03  Probe  
  39  4:07  Stalker x2  
  41  4:15  Probe  
  42  4:26  Forge  
  42  4:27  Probe  
  42  4:28  Probe  
  42  4:30  Blink (Chrono Boost)  
  44  4:38  Sentry  
  44  4:39  Probe (Chrono Boost)  
  44  4:45  Probe (Chrono Boost)  
  46  4:51  Oracle, Protoss Ground Weapons Level 1, Probe (Chrono Boost)  
  50  4:56  Probe (Chrono Boost)  
  50  4:59  Probe (Chrono Boost)  
  52  5:01  Probe (Chrono Boost)  
  52  5:06  Probe  
  53  5:07  Pylon  
  53  5:12  Assimilator  
  54  5:18  Gateway x2  
  54  5:19  Probe  
  55  5:25  Stalker  
  57  5:30  Stalker  
  57  5:31  Probe  
  60  5:44  Photon Cannon  
  60  5:48  Gateway x2  
  60  5:50  Stalker  
  60  5:56  Robotics Facility  
  62  5:58  Stalker  
  64  6:05  Pylon  
  64  6:13  Stalker x2  
  68  6:18  Probe  
  68  6:23  Pylon  
  69  6:34  Nexus  
  69  6:36  Pylon  
  69  6:43  Probe  
  69  6:44  Observer (Chrono Boost)  
  71  6:50  Probe  
  72  6:55  Probe  
  72  6:56  Photon Cannon  
  72  6:57  Shield Battery  
  73  7:02  Probe  
  73  7:04  Protoss Ground Weapons Level 2 (Chrono Boost)  
  73  7:06  Stalker  
  73  7:07  Probe, Stalker x2  
  81  7:15  Probe  
  82  7:19  Probe  
  80  7:24  Robotics Bay  
  80  7:27  Probe  
  80  7:28  Robotics Facility  
  81  7:31  Probe  
  81  7:35  Pylon  
  82  7:39  Probe (Chrono Boost)  
  82  7:41  Assimilator  
  84  7:47  Probe (Chrono Boost)  
  84  7:48  Probe (Chrono Boost)  
  84  7:50  Assimilator  
  84  7:51  Probe (Chrono Boost)  
  86  7:53  Assimilator  
  86  7:58  Probe (Chrono Boost)  
  88  7:59  Gateway x2, Probe x2 (Chrono Boost)  
  88  8:02  Probe (Chrono Boost)  
  90  8:07  Pylon  
  90  8:08  Probe  
  90  8:10  Probe  
  92  8:18  Disruptor (Chrono Boost)  
  98  8:21  Disruptor (Chrono Boost)  
  97  8:27  Pylon  
  97  8:31  Gateway, Gravitic Boosters  
  97  8:36  Stalker x3  
  103  8:43  Pylon  
  103  8:44  Photon Cannon  
  103  8:46  Disruptor (Chrono Boost)  
  103  8:47  Dark Shrine  
  103  8:50  Pylon  
  103  8:54  Observer (Chrono Boost)  
  107  9:00  Nexus  
  107  9:04  Pylon  
  107  9:06  Disruptor (Chrono Boost)  
  110  9:11  Probe  
  111  9:21  Photon Cannon  
  111  9:26  Pylon  
  111  9:31  Stalker x3  
  111  9:32  Protoss Ground Weapons Level 3 (Chrono Boost)  
  117  9:39  Disruptor  
  117  9:40  Disruptor  
  117  9:44  Photon Cannon, Probe  
  117  9:45  Probe  
  125  9:46  Probe  
  126  9:56  Probe  
  126  9:58  Shield Battery, Photon Cannon  
  126  9:59  Shadow Stride (Chrono Boost)  
  127  10:04  Probe  
  128  10:07  Probe  
  128  10:08  Probe  
  128  10:12  Assimilator  
  130  10:16  Assimilator, Probe  
  130  10:20  Pylon, Probe  
  132  10:21  Shield Battery  
  132  10:22  Probe  
  132  10:23  Photon Cannon  
  132  10:24  Probe  
  132  10:28  Disruptor x2, Probe  
  135  10:32  Probe  
  142  10:52  Nexus, Charge  
  142  10:54  Pylon  
  142  11:04  Pylon  
  142  11:06  Fleet Beacon  
  142  11:07  Stargate  
  142  11:09  Dark Templar x4  
  150  11:12  Observer (Chrono Boost)  
  151  11:21  Shield Battery  
  151  11:23  Pylon  
  152  11:26  Observer (Chrono Boost)  
  152  11:30  Pylon  
  152  11:34  Gateway  
  151  11:56  Dark Templar x6  
  151  11:57  Dark Templar  
  150  12:13  Disruptor, Probe  
  149  12:21  Disruptor  
  142  12:26  Archon  
  120  12:50  Probe  
  124  12:53  Disruptor (Chrono Boost)  
  124  12:55  Disruptor (Chrono Boost)  
  124  12:57  Photon Cannon  
  127  12:58  Photon Cannon  
  127  12:59  Shield Battery  
  127  13:00  Shield Battery  
  110  13:22  Disruptor  
  110  13:23  Stalker  
  110  13:24  Disruptor, Stalker x7  
  112  13:39  Probe  
  99  13:47  Zealot x6  
  99  13:48  Zealot x2  
  93  13:49  Probe x2  
  93  13:55  Probe  
  91  13:58  Disruptor  
  91  14:00  Disruptor  
  91  14:01  Probe x2  
  87  14:08  Stalker x4  
  91  14:12  Probe  
  91  14:14  Probe  
  91  14:15  Nexus, Probe  
  94  14:24  Probe  
  94  14:25  Nexus  
  95  14:33  Disruptor (Chrono Boost)  
  95  14:37  Disruptor (Chrono Boost), Nexus  
  101  14:38  Pylon  
  101  14:47  Probe  
  102  14:59  Photon Cannon  
  102  15:00  Photon Cannon  
  102  15:01  Shield Battery  
  102  15:02  Shield Battery  
  102  15:03  Observer (Chrono Boost), Probe  
  102  15:06  Pylon  
  104  15:13  Photon Cannon  
  104  15:18  Shield Battery  
  104  15:21  Dark Templar x6, Pylon  
  110  15:27  Archon x3  
  116  15:32  Zealot x2  
  75  15:56  Zealot x2, Dark Templar x2  

Tags
 
Add a new tag
Caveats
  • Supply blocks, unpowered buildings, or Contaminate may cause inaccurate times.
  • Supply counts are checked every 10 seconds.